 Dungeon Crawl Stone Soup version 0.22.0-32-gbc6daba (webtiles) character file.

191 raph the Shield-Bearer (level 5, -4/33 HPs)
             Began as a Gargoyle Fighter on Aug 23, 2018.
             Slain by a gnoll
             ... wielding a +0 halberd
              (6 damage)
             ... on level 3 of the Dungeon.
             The game lasted 00:04:05 (2425 turns).

raph the Shield-Bearer (Gargoyle Fighter)           Turns: 2425, Time: 00:04:06

Health: -4/33      AC: 13    Str: 19    XL:     5   Next: 70%
Magic:  5/5        EV:  6    Int:  9    God:
Gold:   132        SH:  9    Dex: 10    Spells: 4/4 levels left

rFire    . . .     SeeInvis .   a - +0 flail
rCold    . . .     Gourm    .   c - +0 shield
rNeg     + . .     Faith    .   o - +0 chain mail
rPois    ∞         Spirit   .   (no helmet)
rElec    +         Reflect  .   (no cloak)
rCorr    .         Harm     .   (no gloves)
MR       .....                  (no boots)
Stlth    ..........             j - amulet of magic regeneration
HPRegen  0.11/turn              (no ring)
MPRegen  0.34/turn              (no ring)

@: no status effects
A: negative energy resistance 1, electricity resistance, unbreathing,
petrification resistance, rot immunity, AC +4
a: no special abilities


You were on level 3 of the Dungeon.
You were not hungry.

You visited 1 branch of the dungeon, and saw 3 of its levels.

You collected 132 gold pieces.

Inventory:

Hand Weapons
 a - a +0 flail (weapon)
 m - a +2 whip of pain
Armour
 b - a +0 scale mail
 c - a +0 shield (worn)
 o - a +0 chain mail (worn)
Jewellery
 j - an amulet of magic regeneration (around neck)
Wands
 l - a wand of digging (10)
Scrolls
 e - a scroll of enchant weapon {unknown}
 g - a scroll of random uselessness {unknown}
 h - a scroll of remove curse {unknown}
 i - a scroll of teleportation {unknown}
 n - a scroll of identify {unknown}
Potions
 d - a potion of might
 k - a potion of ambrosia {unknown}
 p - a potion of lignification {unknown}
 q - a potion of berserk rage {unknown}
Comestibles
 f - 4 rations
 r - a chunk of flesh


   Skills:
 + Level 3.7 Fighting
 + Level 3.4 Maces & Flails
 + Level 4.2 Armour
 + Level 1.6 Dodging
 + Level 4.3 Shields


You had 4 spell levels left.
You didn't know any spells.
Your spell library was empty.

Dungeon Overview and Level Annotations

Branches:
Dungeon (3/15)

Altars:
Ashenzari
Qazlal
Uskayaw


Innate Abilities, Weirdness & Mutations

You are resistant to torment.
Your stone body is resilient. (AC +4)
You are immune to poison.
You resist negative energy. (rN+)
You are resistant to electric shocks. (rElec)
You can survive without breathing.
You are immune to petrification.
You are immune to rotting.


Message History

You block the gnoll's attack. The gnoll barely misses you.
You hit the gnoll.
You kill the gnoll!
The gnoll hits you but does no damage. x2
The gnoll hits you with a spear.
Things that are here:
a halberd; a gnoll corpse You sock the gnoll!
The gnoll is heavily wounded.
The gnoll hits you but does no damage. x2
You sock the gnoll!
You kill the gnoll!
The gnoll hits you from afar with a halberd!
* * * LOW HITPOINT WARNING * * *
The gnoll hits you from afar with a halberd.
* * * LOW HITPOINT WARNING * * *
You see here a spear.
You closely miss the gnoll. You block the gnoll's attack.
The gnoll hits you with a halberd.
You die...

# .. .## #.# ..
#..# #.### #####
###...### ....#
#....
#E#...#E####g.#
#.###
###...###.#@###.#
######.#..
..........).....#
#.........
...._....##.#####
#.####.#..
.........##.# #.#
#.###
###...###...# #.#
#....
#E#...#E#.###
##.# #####
###...###.# ##..#
#####...# ##..##
#...# ##...## ###


You could see a gnoll.

Vanquished Creatures
  Jessica (D:2)
  Terence (D:2)
  Natasha (D:3)
  A worker ant (D:2)
  2 gnolls (D:3)
  An adder (D:2)
  2 dart slugs (D:1)
  2 leopard geckos
  5 giant cockroaches
  4 goblins
  4 hobgoblins
  8 jackals
  5 kobolds
  A quokka (D:2)
  6 bats
  10 frilled lizards
  6 rats
60 creatures vanquished.

Notes
Turn   | Place    | Note
-------+----------+-------------------------------------------
     0 | D:1      | raph the Gargoyle Fighter began the quest for the Orb.
     0 | D:1      | Reached XP level 1. HP: 14/14 MP: 1/1
   105 | D:1      | Reached XP level 2. HP: 19/19 MP: 2/2
   509 | D:1      | Reached XP level 3. HP: 21/23 MP: 3/3
  1443 | D:2      | Noticed Jessica
  1457 | D:2      | Killed Jessica
  1457 | D:2      | Reached skill level 1 in Dodging
  1457 | D:2      | Reached XP level 4. HP: 23/28 MP: 4/4
  1767 | D:2      | Noticed a dagger
  1767 | D:2      | Noticed a hand axe
  1769 | D:2      | Found a hide-covered altar of Uskayaw.
  1972 | D:2      | Found a shattered altar of Ashenzari.
  1994 | D:2      | Reached XP level 5. HP: 30/32 MP: 5/5
  2056 | D:2      | Noticed Terence
  2069 | D:2      | Killed Terence
  2393 | D:3      | Noticed Natasha
  2400 | D:3      | Killed Natasha
  2406 | D:3      | Noticed a water elemental
  2408 | D:3      | Found a stormy altar of Qazlal.
  2409 | D:3      | Noticed a fire elemental
  2409 | D:3      | Noticed an air elemental
  2425 | D:3      | Slain by a gnoll

Skill      XL: |  1  2  3  4 |
---------------+-------------+-----
Dodging        | 1 |  1.6
Maces & Flails | 3 |  3.4
Armour         | 4 |  4.2
Shields        | 4 |  4.3
Fighting       | |  3.7

Action                   |  1- 3 |  4- 6 || total
-------------------------+-------+-------++-------
Melee: Flail             |   157 |   105 ||   262
  Eat: Chunk             |     2 |     3 ||     5
Armor: Scale mail        |    78 |    32 ||   110
       Chain mail        |       |    38 ||    38
Dodge: Dodged            |    64 |    34 ||    98
Block: Shield            |    92 |    60 ||   152
